 Dungeon Crawl Stone Soup version 0.28-a0-224-g76b539d98b (webtiles) character file.

Game seed: 13937998609808438215

270 XO4YCPATb the Insei (level 6, -3/38 HPs)
             Began as an Octopode Transmuter on Aug 21, 2021.
             Was an Initiate of Cheibriados.
             Slain by a gnoll (11 damage)
             ... on level 4 of the Dungeon.
             The game lasted 00:12:24 (3685 turns).

XO4YCPATb the Insei (Octopode Transmuter)           Turns: 3685, Time: 00:12:25

Health: -3/38      AC:  2    Str: 11    XL:     6   Next: 22%
Magic:  7/9        EV: 19    Int: 18    God:    Cheibriados [......]
Gold:   20         SH:  0    Dex: 18    Spells: 1/9 levels left

rFire   . . .      SeeInvis .     - Unarmed
rCold   . . .      Faith    .   (shield currently unavailable)
rNeg    . . .      Spirit   .   (helmet currently unavailable)
rPois   x          Reflect  .   (no amulet)
rElec   .          Harm     .   d - ring of willpower
rCorr   .          Rampage  .   (no ring)
Will    +....                   (no ring)
Stlth   ++........              (no ring)
HPRegen 0.12/turn               (no ring)
MPRegen 0.11/turn               (no ring)
                                (no ring)
                                (no ring)

@: spider-form (expiring), very slow
A: venomous fangs, almost no armour, (amphibious), 8 rings, tiny, (camouflage
1), (gelatinous body 1), (nimble swimmer 1), (tentacles)
a: End Transformation, Renounce Religion, Bend Time


You were on level 4 of the Dungeon.
You worshipped Cheibriados.
Cheibriados was noncommittal.
You were a venomous arachnid creature.
You visited 1 branch of the dungeon, and saw 4 of its levels.

You collected 104 gold pieces.
You spent 84 gold pieces at shops.

Inventory:

Armour
 e - a +0 kite shield
Jewellery
 d - a ring of willpower (left front leg)
Scrolls
 b - a scroll of enchant weapon {unknown}
 c - 2 scrolls of identify {unknown}
 f - a scroll of holy word {unknown}
 h - a scroll of noise {unknown}
 i - 2 scrolls of teleportation {unknown}
 j - a scroll of fog {unknown}
Potions
 g - a potion of haste {unknown}
 k - 2 potions of mutation {unknown}
 l - 2 potions of curing
 m - a potion of lignification


   Skills:
 - Level 1.0 Fighting
 + Level 2.1 Dodging
 + Level 4.5 Unarmed Combat
 - Level 2.0 Spellcasting
 * Level 3.5 Transmutations
 - Level 3.0 Ice Magic
 - Level 2.0 Poison Magic


You had one spell level left.
You knew the following spells:

 Your Spells              Type           Power      Damage    Failure   Level
a - Beastly Appendage     Tmut           28%        N/A       13%         1
b - Spider Form           Tmut/Pois      5%         N/A       36%         3
c - Ice Form              Ice/Tmut       13%        N/A       65%         4

Your spell library contained the following spells:

 Spells                   Type           Power      Damage    Failure   Level
 Wereblood                Tmut           14%        N/A       17%         2


Dungeon Overview and Level Annotations

Branches:
Dungeon (4/15)
 Temple: D:4-7

Altars:
Cheibriados
Gozag
Hepliaklqana

Shops:
D:2 *   D:4 !


Innate Abilities, Weirdness & Mutations

You are a venomous arachnid creature.
You have poisonous fangs.
You are tiny and dextrous.
Your spellcasting is less reliable in this form.
Your armour is entirely melded.
You are incapable of wielding weapons or throwing items.
You cannot wear most types of armour.
((You are amphibious.))
You can wear up to eight rings at the same time.
((Your skin changes colour to match your surroundings (Stealth+).))
((Your rubbery body absorbs attacks. (AC +1, EV +1)))
((You are camouflaged near water. (Stealth+)))
((You have tentacles for arms and can constrict up to eight enemies at once.))


Message History

You turn into a venomous arachnid creature.
Okay, then.
You hit the gnoll shaman.
The gnoll shaman is poisoned.
The gnoll shaman is lightly wounded.
You hit the gnoll shaman.
The gnoll shaman looks as sick as possible!
The gnoll shaman is heavily wounded.
The gnoll shaman hits you with a +0 club.
You hit the gnoll shaman.
The gnoll shaman is severely wounded.
The gnoll misses you.
The gnoll shaman invokes the aid of its god against you.
You resist with almost no effort.
The gnoll shouts!
You hit the gnoll shaman but do no damage.
The gnoll shaman is almost dead.
The gnoll barely misses you. The gnoll closely misses you.
The gnoll shaman hits you with a +0 club!
You hit the gnoll shaman.
You kill the gnoll shaman!
Cheibriados appreciates the change of pace.
Your transformation is almost over.
The gnoll closely misses you.
The gnoll hits you from afar with a +0 spear!
You barely miss the gnoll. The gnoll hits you with a +0 flail!
* * * LOW HITPOINT WARNING * * *
The gnoll misses you. The gnoll closely misses you.
It was a potion of heal wounds.
You feel much better. The gnoll completely misses you.
The gnoll hits you from afar with a +0 spear.
The gnoll barely misses you.
You hit the gnoll.
The gnoll is poisoned.
The gnoll is lightly wounded.
The gnoll misses you. The gnoll closely misses you.
The gnoll hits you from afar with a +0 spear!
* * * LOW HITPOINT WARNING * * *
You hit the gnoll.
The gnoll is moderately wounded.
The gnoll hits you with a +0 flail!
You die...

### .# #.. #. ####.##
.< #..... .# #...#
#..#$##..# #...#
#.....#..## # #...#
#.....g...# # #...#
#....s#
###...######..#.#)gg#
...........#...###gg#
..............## #...
...........###.#
###.. ###...######
#.# . # #...# ..# #
#...# ## #...#


You could see 5 gnolls.

Vanquished Creatures
  A sky beast (D:3)
  A gnoll shaman (D:4)
  2 orc wizards
  A hound skeleton (D:4)
  3 adders
  An adder skeleton (D:4)
  5 orcs
  6 endoplasms
  5 goblins
  6 hobgoblins
  3 jackals (D:1)
  4 kobolds
  2 quokkas (D:1)
  3 ball pythons
  9 bats
  2 frilled lizards
  5 rats
59 creatures vanquished.

Notes
Turn   | Place    | Note
-------+----------+-------------------------------------------
     0 | D:1      | XO4YCPATb the Octopode Transmuter began the quest for the
                  | Orb.
     0 | D:1      | Reached XP level 1. HP: 13/13 MP: 3/3
   174 | D:1      | Reached XP level 2. HP: 18/18 MP: 3/5
   808 | D:1      | Reached XP level 3. HP: 20/23 MP: 6/6
   812 | D:1      | Learned a level 3 spell: Spider Form
  1070 | D:2      | Reached skill level 1 in Poison Magic
  1374 | D:2      | Found Ithrucausch's General Store.
  1391 | D:2      | Found a faded altar of an unknown god.
  2083 | D:3      | Reached skill level 4 in Unarmed Combat
  2083 | D:3      | Reached XP level 4. HP: 19/28 MP: 7/7
  2810 | D:3      | Noticed a sky beast
  2985 | D:3      | Reached XP level 5. HP: 33/33 MP: 8/8
  2990 | D:3      | Learned a level 4 spell: Ice Form
  3094 | D:3      | Found a snail-covered altar of Cheibriados.
  3094 | D:3      | Found an opulent altar of Gozag.
  3094 | D:3      | Found a hazy altar of Hepliaklqana.
  3101 | D:3      | Became a worshipper of Cheibriados the Contemplative
  3199 | D:3      | Killed a sky beast
  3200 | D:3      | Reached XP level 6. HP: 22/38 MP: 6/9
  3345 | D:4      | Found Ijayty's Distillery.
  3348 | D:4      | Bought a potion of curing for 42 gold pieces
  3348 | D:4      | Bought a potion of lignification for 42 gold pieces
  3685 | D:4      | Slain by a gnoll

Illustrated notes

Levels and vault maps discovered:
D:1:      dpeg_arrival_rooms_a, layout_loops_cross
D:2:      layout_loops_ring, serial_shops, shop,
          chequers_ecumenical_altar_simple_redux, serial_bayou_lake_a
D:3:      layout_loops_ring, gammafunk_temple_overflow_claw, grunt_ministairs_1
D:4:      layout_loops_cross, serial_shops, nicolae_stop_n_shop_2,
          serial_bayou_lagoon_a, uniq_grinder

Skill      XL: |  1  2  3  4  5  6 |
---------------+-------------------+-----
Poison Magic   | 2 |  2.0
Unarmed Combat | 4 |  4.5
Transmutations | 3 |  3.5
Ice Magic      | 2 3 |  3.0
Fighting       | |  1.0
Dodging        | |  2.1
Spellcasting   | |  2.0

Action                   |  1- 3 |  4- 6 || total
-------------------------+-------+-------++-------
Melee: Unarmed           |    73 |    70 ||   143
       Constrict         |    20 |     8 ||    28
       Tentacles         |    16 |     5 ||    21
       Kick              |     6 |       ||     6
       Punch             |     2 |     1 ||     3
 Cast: Beastly Appendage |     4 |       ||     4
       Spider Form       |     2 |     5 ||     7
 Abil: End Transformatio |     2 |       ||     2
  Use: Potion            |       |     1 ||     1
 Stab: Sleeping          |     5 |     2 ||     7
Armor: Skin              |    12 |     8 ||    20
Dodge: Dodged            |    49 |    53 ||   102

Table legend: (Time is in decaauts)
 A = Elapsed time spent in this place.
 B = Non-inter-level travel time spent in this place.
 C = Inter-level travel time spent in this place.
 D = Time resting spent in this place.
 E = Time spent auto-exploring this place.
 F = Levels seen in this place.
 G = Mean time per level.
                   A        B        C        D        E       F      G
               +--------+--------+--------+--------+--------+-----+--------+
         Total |   3780 |   3701 |     79 |    973 |   2176 |   4 |  945.0 |
       Dungeon |   3780 |   3701 |     79 |    973 |   2176 |   4 |  945.0 |
               +--------+--------+--------+--------+--------+-----+--------+

Top non-repeatable levels by time:
     D:3: 1345 daAuts
     D:2: 1050 daAuts
     D:1: 970 daAuts
     D:4: 414 daAuts
